[ AOE2 MATCH · #506448608 ]
UnrankedRomans vs Tupi
Player's team · WIN
Rival team · LOSS
[ REPLAY ANALYSIS · EXTRACTED FROM THE RECORDED GAME ]
Feudal
9:16
Castle
21:22
Imperial
—
| APM avg | 80.4 |
| APM peak | 111 |
| eAPM avg | 31.1 |
| Villagers / military | 59 / 41 |
Focus
⚔️ 48.9% · 🌾 51.1%
Archer ×32 · Skirmisher ×7 · Militia ×2
Feudal
8:50
Castle
21:48
Imperial
—
| APM avg | 66.1 |
| APM peak | 102 |
| eAPM avg | 29.4 |
| Villagers / military | 56 / 14 |
Focus
⚔️ 38.2% · 🌾 61.8%
Archer ×11 · Unknown (2550) ×10 · Mangonel ×2 · Spearman ×1
Match map
Initial resources + every placement click. Lines = walls · curves = elevation contours. ◆ gold · ⬟ stone · ● berries · ✦ relic · ◌ wall gap
Your base· Open — unwalled flank
CNZS_迷你车仁's base· Open — 4t gap
Smoothed initial terrain · ◌ = detected wall gap · hover for details
Inputs per minute
— 我本善良 - - CNZS_迷你车仁
Build order — 我本善良
First 150 of 175 actions detected
| 0:00 | Queue | Villager (Male) |
| 0:00 | Queue | Villager (Male) |
| 0:01 | Build | House |
| 0:02 | Build | House |
| 0:04 | Queue | Villager (Male) |
| 0:05 | Queue | Villager (Male) |
| 1:28 | Queue | Villager (Male) |
| 1:42 | Build | Lumber Camp |
| 1:55 | Queue | Villager (Male) |
| 2:09 | Build | House |
| 2:24 | Queue | Villager (Male) |
| 2:43 | Queue | Villager (Male) |
| 2:43 | Queue | Villager (Male) |
| 3:10 | Queue | Villager (Male) |
| 3:40 | Queue | Villager (Male) |
| 3:53 | Build | House |
| 3:53 | Queue | Villager (Male) |
| 4:08 | Queue | Villager (Male) |
| 4:23 | Build | Mill |
| 4:32 | Queue | Villager (Male) |
| 4:33 | Queue | Villager (Male) |
| 5:41 | Queue | Villager (Male) |
| 5:42 | Build | House |
| 6:00 | Queue | Villager (Male) |
| 6:00 | Research | Loom |
| 6:50 | Build | Barracks |
| 7:00 | Research | Feudal Age |
| 7:00 | Research | Feudal Age |
| 7:28 | Queue | Villager (Male) |
| 7:36 | Build | House |
| 7:36 | Queue | Militia |
| 7:46 | Queue | Militia |
| 8:15 | Build | House |
| 8:27 | Build | Mining Camp |
| 8:38 | Queue | Villager (Male) |
| 9:04 | Build | Palisade Wall |
| 9:16 | Age | Feudal Age |
| 9:24 | Build | Archery Range |
| 10:15 | Queue | Villager (Male) |
| 10:17 | Queue | Archer |
| 10:31 | Build | Mill |
| 10:35 | Build | Palisade Wall |
| 10:36 | Build | Palisade Wall |
| 10:41 | Queue | Villager (Male) |
| 10:50 | Research | Double-Bit Axe |
| 10:51 | Research | Double-Bit Axe |
| 10:51 | Queue | Villager (Male) |
| 10:54 | Queue | Skirmisher |
| 11:08 | Queue | Villager (Male) |
| 11:13 | Build | House |
| 11:17 | Queue | Skirmisher |
| 11:20 | Queue | Villager (Male) |
| 11:36 | Build | Farm |
| 11:45 | Build | House |
| 11:47 | Queue | Skirmisher |
| 11:52 | Queue | Villager (Male) |
| 11:56 | Build | House |
| 12:02 | Build | Farm |
| 12:05 | Build | Farm |
| 12:12 | Queue | Archer |
| 12:16 | Build | House |
| 12:23 | Queue | Skirmisher |
| 12:35 | Queue | Villager (Male) |
| 12:38 | Build | Farm |
| 12:41 | Build | Palisade Wall |
| 12:42 | Build | Palisade Wall |
| 12:48 | Queue | Skirmisher |
| 13:07 | Queue | Villager (Male) |
| 13:10 | Build | Farm |
| 13:12 | Build | House |
| 13:16 | Build | Palisade Wall |
| 13:18 | Queue | Archer |
| 13:27 | Build | Farm |
| 13:32 | Queue | Villager (Male) |
| 13:39 | Build | Farm |
| 13:48 | Queue | Archer |
| 13:52 | Queue | Villager (Male) |
| 13:54 | Build | Farm |
| 14:00 | Queue | Skirmisher |
| 14:15 | Build | Blacksmith |
| 14:20 | Queue | Villager (Male) |
| 14:28 | Queue | Skirmisher |
| 14:56 | Queue | Villager (Male) |
| 15:08 | Build | Farm |
| 15:09 | Research | Fletching |
| 15:12 | Build | Farm |
| 15:17 | Queue | Archer |
| 15:19 | Queue | Villager (Male) |
| 15:22 | Build | Farm |
| 15:35 | Build | Watch Tower |
| 15:38 | Queue | Archer |
| 15:39 | Queue | Villager (Male) |
| 15:41 | Build | Farm |
| 15:52 | Research | Padded Archer Armor |
| 16:06 | Queue | Villager (Male) |
| 16:09 | Build | Farm |
| 16:16 | Build | Farm |
| 16:21 | Queue | Villager (Male) |
| 16:37 | Queue | Archer |
| 16:56 | Build | Watch Tower |
| 17:02 | Build | Watch Tower |
| 17:06 | Queue | Villager (Male) |
| 17:10 | Queue | Archer |
| 17:36 | Queue | Villager (Male) |
| 17:51 | Queue | Villager (Male) |
| 17:55 | Build | Mining Camp |
| 18:02 | Build | House |
| 18:26 | Queue | Villager (Male) |
| 18:38 | Queue | Villager (Male) |
| 18:42 | Research | Castle Age |
| 18:44 | Queue | Archer |
| 18:46 | Build | Archery Range |
| 18:58 | Build | House |
| 19:06 | Queue | Villager (Male) |
| 19:07 | Queue | Archer |
| 19:33 | Build | House |
| 19:35 | Queue | Villager (Male) |
| 19:38 | Build | Lumber Camp |
| 19:44 | Queue | Archer |
| 19:50 | Research | Wheelbarrow |
| 19:51 | Research | Town Watch |
| 19:54 | Research | Horse Collar |
| 20:34 | Queue | Villager (Male) |
| 20:38 | Research | Gold Mining |
| 20:47 | Queue | Villager (Male) |
| 20:54 | Build | Watch Tower |
| 21:04 | Build | House |
| 21:14 | Queue | Archer |
| 21:22 | Age | Castle Age |
| 21:24 | Research | Crossbowman (upgrade) |
| 21:27 | Research | Bodkin Arrow |
| 21:44 | Queue | Archer |
| 21:44 | Queue | Archer |
| 21:45 | Queue | Villager (Male) |
| 21:49 | Build | Archery Range |
| 21:49 | Build | Farm |
| 21:55 | Build | House |
| 22:06 | Build | University |
| 22:11 | Queue | Villager (Male) |
| 22:27 | Queue | Archer |
| 22:27 | Queue | Archer |
| 22:37 | Queue | Villager (Male) |
| 22:48 | Queue | Villager (Male) |
| 23:06 | Queue | Villager (Male) |
| 23:15 | Research | Guard Tower (upgrade) |
| 23:15 | Research | Guard Tower (upgrade) |
| 23:20 | Build | Lumber Camp |
| 23:23 | Queue | Archer |
| 23:23 | Queue | Archer |
| 23:28 | Queue | Archer |
Build order — CNZS_迷你车仁
First 150 of 160 actions detected
| 0:00 | Queue | Villager (Male) |
| 0:01 | Build | House |
| 0:03 | Build | House |
| 0:07 | Queue | Villager (Male) |
| 0:07 | Queue | Villager (Male) |
| 0:08 | Queue | Villager (Male) |
| 1:10 | Queue | Villager (Male) |
| 1:29 | Queue | Villager (Male) |
| 1:30 | Queue | Villager (Male) |
| 1:52 | Build | Settlement |
| 2:05 | Queue | Villager (Male) |
| 2:06 | Queue | Villager (Male) |
| 2:20 | Queue | Villager (Male) |
| 3:02 | Queue | Villager (Male) |
| 3:33 | Queue | Villager (Male) |
| 3:33 | Queue | Villager (Male) |
| 3:33 | Queue | Villager (Male) |
| 3:44 | Queue | Villager (Male) |
| 4:23 | Queue | Villager (Male) |
| 4:24 | Queue | Villager (Male) |
| 4:26 | Build | Settlement |
| 4:53 | Queue | Villager (Male) |
| 5:12 | Queue | Villager (Male) |
| 5:12 | Queue | Villager (Male) |
| 5:13 | Queue | Villager (Male) |
| 5:51 | Research | Loom |
| 6:32 | Research | Feudal Age |
| 7:28 | Build | Barracks |
| 7:40 | Build | House |
| 8:08 | Queue | Villager (Male) |
| 8:09 | Queue | Villager (Male) |
| 8:27 | Queue | Villager (Male) |
| 8:33 | Build | Palisade Wall |
| 8:50 | Age | Feudal Age |
| 8:53 | Build | Archery Range |
| 8:59 | Research | Double-Bit Axe |
| 9:02 | Queue | Spearman |
| 9:08 | Queue | Villager (Male) |
| 9:24 | Queue | Villager (Male) |
| 9:34 | Queue | Archer |
| 9:34 | Queue | Archer |
| 9:37 | Queue | Villager (Male) |
| 9:42 | Build | House |
| 9:42 | Build | House |
| 10:32 | Queue | Villager (Male) |
| 10:39 | Build | Settlement |
| 10:45 | Queue | Archer |
| 10:50 | Build | Farm |
| 10:50 | Build | Farm |
| 11:03 | Queue | Villager (Male) |
| 11:16 | Queue | Archer |
| 11:20 | Queue | Villager (Male) |
| 11:23 | Build | Blacksmith |
| 11:24 | Build | House |
| 11:36 | Build | Palisade Wall |
| 11:37 | Build | House |
| 11:41 | Queue | Archer |
| 11:53 | Queue | Villager (Male) |
| 12:08 | Build | Farm |
| 12:17 | Research | Fletching |
| 12:37 | Queue | Villager (Male) |
| 12:38 | Build | Farm |
| 12:39 | Build | Farm |
| 12:44 | Build | House |
| 13:09 | Build | House |
| 13:11 | Build | Palisade Wall |
| 13:22 | Build | House |
| 13:25 | Build | Palisade Wall |
| 13:31 | Build | Palisade Wall |
| 13:33 | Build | Palisade Wall |
| 13:34 | Queue | Villager (Male) |
| 13:58 | Queue | Villager (Male) |
| 13:59 | Queue | Archer |
| 14:00 | Build | Farm |
| 14:10 | Build | Farm |
| 14:18 | Build | House |
| 14:29 | Build | Palisade Wall |
| 14:33 | Queue | Villager (Male) |
| 14:35 | Build | Farm |
| 14:36 | Queue | Archer |
| 14:59 | Queue | Archer |
| 15:06 | Queue | Archer |
| 15:18 | Queue | Villager (Male) |
| 15:21 | Build | Farm |
| 15:23 | Build | Farm |
| 15:24 | Queue | Archer |
| 15:41 | Queue | Villager (Male) |
| 15:56 | Build | Farm |
| 15:57 | Build | Farm |
| 16:00 | Queue | Villager (Male) |
| 16:04 | Build | Farm |
| 16:06 | Queue | Villager (Male) |
| 16:22 | Queue | Villager (Male) |
| 16:24 | Queue | Archer |
| 16:39 | Queue | Villager (Male) |
| 16:45 | Build | Watch Tower |
| 16:49 | Build | Watch Tower |
| 17:01 | Queue | Villager (Male) |
| 17:08 | Build | Watch Tower |
| 17:10 | Build | Watch Tower |
| 17:39 | Build | Settlement |
| 17:54 | Queue | Villager (Male) |
| 18:37 | Build | Market |
| 18:43 | Queue | Villager (Male) |
| 18:46 | Build | Barracks |
| 19:08 | Research | Castle Age |
| 19:09 | Research | Castle Age |
| 19:36 | Build | Farm |
| 19:36 | Queue | Unit 2550 |
| 19:37 | Queue | Unit 2550 |
| 19:37 | Queue | Unit 2550 |
| 19:37 | Queue | Unit 2550 |
| 20:13 | Build | Settlement |
| 20:25 | Research | Tech 1402 |
| 20:26 | Research | Scale Mail Armor |
| 20:29 | Queue | Unit 2550 |
| 20:30 | Queue | Unit 2550 |
| 20:30 | Queue | Unit 2550 |
| 20:30 | Queue | Unit 2550 |
| 20:47 | Build | Farm |
| 20:48 | Build | Farm |
| 21:19 | Build | Settlement |
| 21:46 | Queue | Unit 2550 |
| 21:46 | Queue | Unit 2550 |
| 21:46 | Queue | Villager (Male) |
| 21:47 | Queue | Villager (Male) |
| 21:48 | Age | Castle Age |
| 22:01 | Build | Siege Workshop |
| 22:25 | Queue | Villager (Male) |
| 22:27 | Build | House |
| 22:28 | Build | House |
| 22:30 | Build | House |
| 22:31 | Build | House |
| 22:39 | Research | Chain Mail Armor |
| 22:54 | Queue | Mangonel |
| 23:06 | Queue | Villager (Male) |
| 23:06 | Queue | Villager (Male) |
| 23:09 | Research | Squires |
| 23:49 | Queue | Villager (Male) |
| 24:00 | Queue | Mangonel |
| 24:03 | Build | House |
| 24:22 | Build | House |
| 24:38 | Build | House |
| 24:46 | Build | Farm |
| 24:51 | Build | House |
| 24:54 | Build | House |
| 24:55 | Build | House |
| 24:57 | Build | Farm |
| 25:05 | Build | House |
| 25:09 | Build | Farm |
Match timeline
| 6:50 | 我本善良 · first_building Barracks |
| 7:28 | CNZS_迷你车仁 · first_building Barracks |
| 8:33 | CNZS_迷你车仁 · wall_segment Palisade Wall x6 |
| 8:50 | CNZS_迷你车仁 · age_up feudal |
| 8:53 | CNZS_迷你车仁 · first_building Archery Range |
| 9:04 | 我本善良 · wall_segment Palisade Wall x11 |
| 9:16 | 我本善良 · age_up feudal |
| 9:24 | 我本善良 · first_building Archery Range |
| 10:35 | 我本善良 · wall_segment Palisade Wall x2 |
| 10:36 | 我本善良 · wall_segment Palisade Wall x4 |
| 11:36 | CNZS_迷你车仁 · wall_segment Palisade Wall x9 |
| 12:41 | 我本善良 · wall_segment Palisade Wall x5 |
| 12:42 | 我本善良 · wall_segment Palisade Wall x4 |
| 13:11 | CNZS_迷你车仁 · wall_segment Palisade Wall x1 |
| 13:16 | 我本善良 · wall_segment Palisade Wall x2 |
| 13:25 | CNZS_迷你车仁 · wall_segment Palisade Wall x6 |
| 13:31 | CNZS_迷你车仁 · wall_segment Palisade Wall x7 |
| 13:33 | CNZS_迷你车仁 · wall_segment Palisade Wall x3 |
| 14:29 | CNZS_迷你车仁 · wall_segment Palisade Wall x1 |
| 19:08 | CNZS_迷你车仁 · first_market_sell 100 food |
| 21:22 | 我本善良 · age_up castle |
| 21:48 | CNZS_迷你车仁 · age_up castle |
| 22:01 | CNZS_迷你车仁 · first_building Siege Workshop |
| 26:09 | CNZS_迷你车仁 · resign |
[ AI ANALYSIS · 1 CREDIT ]
What really happened in this match?
Wolo.gg analyzes every decision: build order, eco, micro, common mistakes by bracket. Personalized analysis on WhatsApp or Discord in 30 seconds.
Civ guide
Romans
Perfil
Jugador #21227185